 Dungeon Crawl Stone Soup version 0.30-a0-782-ge64f9170bb (webtiles) character file.

Game seed: 11583751695536842014

443 kae the Firebug (level 7, -2/36 HPs)
             Began as a Tengu Fire Elementalist on Feb 27, 2023.
             Was an Initiate of Vehumet.
             Slain by an ogre
             ... wielding a +0 giant club
              (31 damage)
             ... on level 5 of the Dungeon.
             The game lasted 00:04:20 (4353 turns).

kae the Firebug (Tengu Fire Elementalist)           Turns: 4353, Time: 00:04:20

Health: -2/36      AC:  2    Str:  8    XL:     7   Next: 2%
Magic:  8/12       EV: 14    Int: 17    God:    Vehumet [......]
Gold:   159        SH:  0    Dex: 15    Spells: 2/12 levels left

rFire   . . .      SeeInvis +    g - +2 mace (drain)
rCold   . . .      Faith    .    (no shield)
rNeg    . . .      Spirit   .    a - +0 robe
rPois   .          Reflect  .    (helmet restricted)
rElec   .          Harm     .    (no cloak)
rCorr   .          Rampage  .    (no gloves)
Will    .....                    (boots unavailable)
Stlth   ++                       (no amulet)
HPRegen 0.26/turn                v - ring of see invisible
MPRegen 0.13/turn                (no ring)

@: flying quickly and evasively, quick
A: beak, talons 3, nimble flight
a: Renounce Religion


You were on level 5 of the Dungeon.
You worshipped Vehumet.
Vehumet was noncommittal.
You visited 1 branch of the dungeon, and saw 5 of its levels.

You collected 159 gold pieces.


Innate Abilities, Weirdness & Mutations

You have a beak for a mouth.
You have claws for feet.
Your magical nature lets you fly swiftly and evasively.


   Skills:
 - Level 2.1 Dodging
 - Level 2.0 Stealth
 + Level 3.2 Spellcasting
 * Level 5.4 Conjurations
 + Level 1.6 Hexes
 * Level 5.6 Fire Magic


You had 2 spell levels left.
You knew the following spells:

 Your Spells              Type           Power      Damage    Failure   Level
a - Foxfire               Conj/Fire      84%        2x1d8     1%          1
b - Scorch                Fire           42%        2d7       2%          2
c - Inner Flame           Hex/Fire       15%        N/A       12%         3
d - Flame Wave            Conj/Fire      21%        2d8       17%         4

Your spell library contained the following spells:

 Spells                   Type           Power      Damage    Failure   Level
 Dazzling Flash           Conj/Hex       28%        N/A       12%         3
 Kindle Blastsparks       Fire/Tloc/Air  18%        2d11      24%         3
 Iskenderun's Mystic Bla  Conj/Tloc      12%        2d5       50%         4
 Starburst                Conj/Fire      10%        6d5       95%         6

Inventory:

Hand Weapons
 g - a +2 mace of draining (weapon)
   (You found it on level 1 of the Dungeon)
Missiles
 c - 79 stones
 h - 3 datura-tipped darts
 m - a throwing net {=f!f}
Armour
 a - a +0 robe (worn)
Magical Staves
 e - a staff of cold {!a}
   (You found it on level 1 of the Dungeon)
 p - a staff of cold {!a}
   (You found it on level 4 of the Dungeon)
Jewellery
 o - the ring "Duiliz" {rC+ AC+4}
   (You took it off a goblin on level 3 of the Dungeon)

   [ring of protection]

   AC:        It affects your AC (+4).
   rC:        It protects you from cold.
 v - a ring of see invisible (left hand)
   (You found it on level 4 of the Dungeon)
 Y - a +4 ring of slaying
   (You found it on level 2 of the Dungeon)
Wands
 n - a wand of acid (5)
   (You took it off a goblin on level 3 of the Dungeon)
Scrolls
 f - 2 scrolls of teleportation {@r4}
 q - 2 scrolls of fear
 s - a scroll of blinking {!r}
 u - a scroll of silence {unknown}
Potions
 b - a potion of magic
 d - a potion of flight
 i - a potion of resistance
 j - 4 potions of heal wounds {unknown}
 k - a potion of haste {@q3}
 l - a potion of attraction {!q}
 r - a potion of might {unknown}
 t - a potion of brilliance {unknown}

Dungeon Overview and Level Annotations

Branches:
Dungeon (5/15) Zot: 25797  Temple (0/1) D:5

Altars:
Elyvilon
Hepliaklqana
Kikubaaqudgha
Vehumet

Shops:
D:3

[ #.....######...########
#.#...................#
#.....#########...###..
.......##### ###..####
#.....#### ##.####
#.###....####....# # #)#
####...)####..
###..###v#########..####.
..!....O@.[..............
.......v#.###########....
##..###..... #.##. ##
###.+## #+### #.# #.# #.#
#.#


You could see an ogre (combustible, ally target).


Message History

Your mp is fully restored (11).
An ogre is nearby!
Casting: Foxfire (safe; 1% risk of failure)
Confirm with . or Enter, or press ? or * to list all spells.
You conjure some foxfire! 😎 MP[-1]
You lost 1 mp, and now have 10/11 mp.
An ogre is nearby!
An ogre is nearby!
Casting: Foxfire (safe; 1% risk of failure)
Confirm with . or Enter, or press ? or * to list all spells.
You conjure some foxfire! 😎 MP[-1]
You lost 1 mp, and now have 9/11 mp.
Casting: Foxfire (safe; 1% risk of failure)
Confirm with . or Enter, or press ? or * to list all spells.
You miscast Scorch.
You are very lightly contaminated with residual magic.
Nothing appears to happen.
The foxfire hits the ogre.
The ogre hits you with a +0 giant club! 😮 HP[-13] MP[-2]
You take 13 damage, and now have 19/32 hp.
MASSIVE DAMAGE!! (PAUSE)
You lost 2 mp, and now have 7/11 mp.
Casting: Scorch (safe; 3% risk of failure)
Confirm with . or Enter, or press ? or * to list all spells.
You conjure some foxfire!
The ogre closely misses you.
The foxfire hits the ogre.
The foxfire hits the ogre! 😮 HP[+1] MP[-1]
You lost 1 mp, and now have 6/11 mp.
Casting: Foxfire (safe; 1% risk of failure)
Confirm with . or Enter, or press ? or * to list all spells.
You miscast Scorch.
Nothing appears to happen.
The ogre hits you with a +0 giant club!
Ouch! That really hurt!
* * * LOW HITPOINT WARNING * * *
😱 HP[-17] MP[-1]
You take 17 damage, and now have 3/32 hp.
MASSIVE DAMAGE!! (PAUSE)
You lost 1 mp, and now have 5/11 mp.
Casting: Scorch (safe; 3% risk of failure)
Confirm with . or Enter, or press ? or * to list all spells.
Flames lash the ogre.
The ogre's fire resistance burns away.
The ogre closely misses you. 😱 HP[+1] MP[-2]
You lost 2 mp, and now have 3/11 mp.
Unknown command.
The ogre is no longer more vulnerable to fire. 😱 HP[+1] 😱 MP[+1]
Your magical contamination has completely faded away. 😱 HP[+1] 😱 HP[+1]
You see here a +0 robe. 😱 MP[+1] 😱 HP[+1]
Casting: Scorch (safe; 3% risk of failure)
Confirm with . or Enter, or press ? or * to list all spells.
Flames lash the ogre.
The ogre's fire resistance burns away. 😱 MP[-2]
You lost 2 mp, and now have 3/11 mp.
Casting: Scorch (safe; 3% risk of failure)
Confirm with . or Enter, or press ? or * to list all spells.
You conjure some foxfire!
The ogre misses you.
The foxfire hits the ogre.
The ogre is burned terribly!
You kill the ogre!
Vehumet accepts your kill.
You have reached level 7! 😨 HP[+2] MP[-1]
You now have 36 max hp (+4).
You regained 2 hp, and now have 10/36 hp.
Casting: Foxfire (safe; 1% risk of failure)
Confirm with . or Enter, or press ? or * to list all spells.
You conjure some foxfire!
You start resting. 😮 HP[+16] MP[+8]
You regained 16 hp, and now have 26/36 hp.
You regained 8 mp, and now have 10/12 mp.
Unknown command.
An ogre is nearby!
An ogre is nearby!
Unknown command. 😕 HP[+2]
You regained 2 hp, and now have 28/36 hp.
An ogre is nearby!
An ogre is nearby!
You see here a +0 giant club.
Casting: Foxfire (safe; 1% risk of failure)
Confirm with . or Enter, or press ? or * to list all spells.
Flames lash the ogre.
The ogre shouts!
The ogre's fire resistance burns away. 😕 HP[+1] MP[-1]
You lost 1 mp, and now have 9/12 mp.
Casting: Scorch (safe; 2% risk of failure)
Confirm with . or Enter, or press ? or * to list all spells.
You conjure some foxfire!
The ogre hits you with a +0 giant club!!
Ouch! That really hurt!
You die...

Skill      XL: |  1  2  3  4  5  6 |
---------------+-------------------+-----
Conjurations   | 2 3 4 5 |  5.4
Fire Magic     | 4 5 |  5.6
Hexes          | 1 |  1.6
Spellcasting   | 3 |  3.2
Dodging        | |  2.1
Stealth        | |  2.0

Action                     |  1- 3 |  4- 6 |  7- 9 || total
---------------------------+-------+-------+-------++-------
  Melee: Mace              |     5 |     2 |       ||     7
         Kick              |     2 |       |       ||     2
   Cast: Foxfire           |    69 |    87 |     2 ||   158
         Scorch            |     4 |    11 |     1 ||    16
    Use: Scroll            |     5 |     6 |       ||    11
         Potion            |       |     1 |       ||     1
 Armour: Robe              |     4 |     5 |       ||     9
  Dodge: Dodged            |    24 |    42 |       ||    66

Levels and vault maps discovered:
D:1:      lemuel_arrival_river_bridge, layout_loops_ring
D:2:      layout_loops_cross, chequers_ecumenical_altar_simple
D:3:      layout_rooms, nicolae_vehumet_altar_sigil,
          mainiacjoe_overflow_two_lobes, serial_shops, nicolae_shop_hallway_plus
D:4:      layout_loops_corners, nicolae_hepliaklqana_hippocampus
D:5:      layout_rooms, minmay_temple_entry_nine_rooms, kennysheep_pointless_box

Notes
Turn   | Place    | Note
-------+----------+-------------------------------------------
     0 | D:1      | kae the Tengu Fire Elementalist began the quest for the
                  | Orb.
     0 | D:1      | Reached XP level 1. HP: 10/10 MP: 4/4
     0 | D:1      | magus.rc [v1.11.3]
   153 | D:1      | Reached skill level 2 in Conjurations
   153 | D:1      | Reached XP level 2. HP: 15/15 MP: 1/6
   212 | D:1      | You fall into a shaft and drop 1 floor!
   346 | D:2      | HP: 3/15 [kobold/+0 short sword (2)]
   440 | D:2      | Reached XP level 3. HP: 19/19 MP: 4/7
   443 | D:2      | Learned a level 2 spell: Scorch
   447 | D:2      | Learned a level 3 spell: Inner Flame
   850 | D:1      | Reached skill level 4 in Fire Magic
  1409 | D:2      | Reached skill level 3 in Conjurations
  1505 | D:2      | Reached XP level 4. HP: 24/24 MP: 6/8
  1551 | D:2      | Found a faded altar of an unknown god.
  1836 | D:2      | You pick up a book of Spectacle and begin reading...
  1836 | D:2      | You add the spells Dazzling Flash, Iskenderun's Mystic
                  | Blast and Starburst to your library.
  1939 | D:3      | Found Yluq's Antique Armour Shoppe.
  2093 | D:3      | HP: 1/24 [gnoll/+0 flail (9)]
  2099 | D:3      | Gained mutation: Your magical nature lets you fly swiftly
                  | and evasively. [Tengu growth]
  2099 | D:3      | Reached XP level 5. HP: 12/28 MP: 0/9
  2305 | D:3      | Found a radiant altar of Vehumet.
  2317 | D:3      | Identified the ring "Duiliz" {rC+ AC+4}
  2331 | D:3      | Became a worshipper of Vehumet
  2493 | D:3      | Found an ancient bone altar of Kikubaaqudgha.
  2549 | D:3      | Found a white marble altar of Elyvilon.
  2776 | D:4      | Reached skill level 4 in Conjurations
  2782 | D:4      | Reached skill level 1 in Hexes
  2982 | D:4      | Reached skill level 5 in Fire Magic
  2982 | D:4      | Reached XP level 6. HP: 32/32 MP: 4/11
  3715 | D:4      | Found a hazy altar of Hepliaklqana.
  3822 | D:4      | Learned a level 4 spell: Flame Wave
  3855 | D:5      | Entered Level 5 of the Dungeon
  3985 | D:5      | Noticed an ice beast
  3988 | D:5      | Reached skill level 3 in Spellcasting
  3988 | D:5      | Reached skill level 5 in Conjurations
  4134 | D:5      | Found a staircase to the Ecumenical Temple.
  4255 | D:5      | HP: 3/32 [ogre/+0 giant club (17)]
  4281 | D:5      | Reached XP level 7. HP: 10/36 MP: 2/12
  4353 | D:5      | Slain by an ogre

Vanquished Creatures
  An ogre (D:5)
  A phantom (D:5)
  A hound (D:5)
  2 orc wizards (D:4)
  5 adders
  7 gnolls
  A white imp (D:5)
  4 worms
  2 dart slugs
  4 orcs (D:4)
  5 ball pythons
  3 endoplasms
  2 giant cockroaches (D:1)
  6 goblins
  4 hobgoblins
  4 jackals (D:2)
  3 quokkas
  4 bats
  7 kobolds
  9 rats
75 creatures vanquished.

Vanquished Creatures (others)
  263 foxfires
263 creatures vanquished.

Grand Total: 338 creatures vanquished

Table legend:
 A = Non-vault XP
 B = Vault XP
 C = Vault XP percentage of total XP
 D = Non-vault monster count
 E = Vault monster count
 F = Vault count percentage of total count
                 A         B        C        D         E       F
            +---------+---------+-------+---------+---------+-------
      Total |     634 |       0 |   0.0 |      75 |       0 |   0.0
            +---------+---------+-------+---------+---------+-------
        D:1 |      36 |       0 |   0.0 |      20 |       0 |   0.0
        D:2 |      64 |       0 |   0.0 |      20 |       0 |   0.0
        D:3 |      89 |       0 |   0.0 |      15 |       0 |   0.0
        D:4 |     162 |       0 |   0.0 |      16 |       0 |   0.0
        D:5 |     283 |       0 |   0.0 |       4 |       0 |   0.0
            +---------+---------+-------+---------+---------+-------

Illustrated notes

Table legend:
 A = Kills in this place as a percentage of kills in entire the game.
 B = Kills by you in this place as a percentage of kills by you in the entire game.
 C = Kills by friends in this place as a percentage of kills by friends in the entire game.
 D = Other kills in this place as a percentage of other kills in the entire game.
 E = Experience gained in this place as a percentage of experience gained in the entire game.
 F = Experience gained in this place divided by the number of levels of this place that you have seen.
                   A       B       C       D       E      F
               +-------+-------+-------+-------+-------+----------------------
         Total | 100.0 | 100.0 |   N/A |   N/A | 100.0 | 126.8
       Dungeon | 100.0 | 100.0 |   N/A |   N/A | 100.0 | 126.8
               +-------+-------+-------+-------+-------+----------------------

Table legend: (Time is in decaauts)
 A = Elapsed time spent in this place.
 B = Non-inter-level travel time spent in this place.
 C = Inter-level travel time spent in this place.
 D = Time resting spent in this place.
 E = Time spent auto-exploring this place.
 F = Levels seen in this place.
 G = Mean time per level.
                   A        B        C        D        E       F      G
               +--------+--------+--------+--------+--------+-----+--------+
         Total |   4201 |   4083 |    118 |    142 |   3300 |   5 |  840.2 |
       Dungeon |   4201 |   4083 |    118 |    142 |   3300 |   5 |  840.2 |
               +--------+--------+--------+--------+--------+-----+--------+

Top non-repeatable levels by time:
     D:4: 1099 daAuts
     D:1: 1080 daAuts
     D:2: 815 daAuts
     D:3: 749 daAuts
     D:5: 457 daAuts
